 Dungeon Crawl Stone Soup version 0.19.1-1-g22dce08 (webtiles) character file.

581 Alarkh the Cleaver (level 7, 55/57 HPs)
             Began as a Red Draconian Monk on Jan 18, 2017.
             Quit the game on level 5 of the Dungeon.
             The game lasted 00:05:05 (4323 turns).

Alarkh the Cleaver (Red Draconian Monk)             Turns: 4323, Time: 00:05:06

Health: 55/57      AC:  6    Str: 14    XL:     7   Next: 14%
Magic:  6/6        EV: 13    Int: 14    God:
Gold:   244        SH:  0    Dex: 13    Spells: 0 memorised, 6 levels left

rFire  + . .     SeeInvis .     a - +0 hand axe
rCold  . . .     Gourm    +     (armour unavailable)
rNeg   . . .     Faith    .     (no shield)
rPois  +         Spirit   .     (helmet restricted)
rElec  .         Reflect  .     (no cloak)
rCorr  .         Harm     .     (no gloves)
MR     .....                    (no boots)
Stlth  ++........               m - amulet of the gourmand
                                (no ring)
                                q - +3 ring of slaying

@: short of breath, very slightly contaminated, hasted, very quick
A: breathe fire, unfitting armour, clever 1, fire resistance 1, low mp 1, poison
resistance, cold-blooded, AC +6
a: Breathe Fire


You were on level 5 of the Dungeon.
You were not hungry.

You visited 1 branch of the dungeon, and saw 5 of its levels.

You collected 244 gold pieces.

Inventory:

Hand Weapons
 a - a +0 hand axe (weapon)
Jewellery
 m - an amulet of the gourmand (around neck)
 q - a +3 ring of slaying (left hand)
Wands
 o - a wand of teleportation (2/9)
Scrolls
 e - a scroll of identify
 g - a scroll of recharging {unknown}
 j - a scroll of enchant armour {unknown}
 k - a scroll of enchant weapon {unknown}
 p - a scroll of blinking {unknown}
 r - 2 scrolls of fog {unknown}
 t - 2 scrolls of remove curse
 u - a scroll of teleportation {unknown}
 x - a scroll of immolation {unknown}
 y - a scroll of random uselessness {unknown}
Potions
 c - a potion of cancellation
 h - a potion of agility
 s - a potion of lignification
 v - 2 potions of mutation
 w - a potion of curing
Books
 z - a book of Misfortune

   Spells                             Type                      Level
   a - Confusing Touch                Hexes                        1
   b - Confuse                        Hexes                        3
   c - Gell's Gravitas                Hexes/Translocation          3
   d - Petrify                        Transmutation/Earth          4
   e - Metabolic Englaciation         Hexes/Ice                    5
   f - Yara's Violent Unravelling     Hexes/Transmutation          5
Comestibles
 b - 8 bread rations
 d - 2 meat rations
 f - 3 chunks of flesh
 i - a fruit
 l - 3 beef jerkies


   Skills:
 - Level 3.2 Fighting
 + Level 8.3 Axes
 - Level 2.6 Dodging
 - Level 1.7 Stealth


You had 6 spell levels left.
You didn't know any spells.

Dungeon Overview and Level Annotations

Branches:
Dungeon (5/15)
 Temple: D:4-7

Altars:


Innate Abilities, Weirdness & Mutations

You can breathe blasts of fire.
Your fiery red scales are hard. (AC +6)
You cannot fit into any form of body armour.
Your flesh is heat resistant. (rF+)
You are cold-blooded and may be slowed by cold attacks.
Your mind is acute. (Int +2)
Your magical capacity is low. (-10% MP)
Your system is resistant to poisons. (rPois)


Message History

a dagger; a robe; an orc skeleton
Things that are here:
a dagger; a robe; an orc skeleton Eating one of 2 chunks of flesh.
You start eating one of the 2 chunks of flesh.
This raw flesh tastes terrible.
You are feeling hungry.
Eating a chunk of flesh.
You start eating the chunk of flesh.
This raw flesh tastes terrible.
Things that are here:
a mace; a leather armour; an orc corpse You butcher the orc corpse.
f - 3 chunks of flesh
Things that are here:
a mace; a leather armour; an orc skeleton
Things that are here:
a mace; a leather armour; an orc skeleton
Things that are here:
a ring mail; an orc corpse Are you sure you want to abandon this character and quit the game? (Confirm with "yes".)

#.##.######.#
##.########...#.#
.##. ..# #.#
##.##.## # ###
#.# #...... #.#
####.## #.# #.#
#.# #.# #!# #.##
.#######)# #...
....(..@)# ###.
.######### #. ##


There were no monsters in sight!

Vanquished Creatures
  The ghost of Alarkh the Chopper, an amateur DrMo (D:3)
  A scorpion (D:5)
  A howler monkey (D:4)
  A hound (D:4)
  An orc wizard (D:5)
  An orc priest (D:5)
  3 iguanas
  A worker ant (D:5)
  11 adders
  2 oozes
  3 adder skeletons (D:4)
  5 worms
  4 dart slugs
  2 leopard geckos
  5 orcs
  2 ball pythons
  4 giant cockroaches
  11 goblins
  3 hobgoblins
  10 kobolds
  2 quokkas
  6 bats
  6 frilled lizards
  2 jackal skeletons (D:4)
  A quokka skeleton (D:4)
  8 rats
97 creatures vanquished.

Notes
Turn   | Place    | Note
-------+----------+-------------------------------------------
     0 | D:1      | Alarkh the Draconian Monk began the quest for the Orb.
     0 | D:1      | Reached XP level 1. HP: 19/19 MP: 1/1
   315 | D:1      | Reached XP level 2. HP: 23/26 MP: 2/2
   871 | D:1      | Reached skill level 4 in Axes
  1220 | D:1      | Reached XP level 3. HP: 14/31 MP: 3/3
  1899 | D:2      | Reached skill level 5 in Axes
  1899 | D:2      | Reached XP level 4. HP: 27/38 MP: 4/4
  2323 | D:3      | Noticed Alarkh's ghost (amateur DrMo)
  2361 | D:3      | Killed Alarkh's ghost
  2361 | D:3      | Reached skill level 6 in Axes
  2361 | D:3      | Reached XP level 5. HP: 25/45 MP: 5/5
  2680 | D:4      | Reached XP level 6. HP: 28/51 MP: 6/6
  3185 | D:4      | Reached skill level 7 in Axes
  3876 | D:5      | Entered Level 5 of the Dungeon
  3961 | D:5      | Gained mutation: Your mind is acute. (Int +2) [potion of mutation]
  3961 | D:5      | Gained mutation: Your system is resistant to poisons. (rPois) [potion of mutation]
  3961 | D:5      | Gained mutation: Your magical capacity is low. (-10% MP) [potion of mutation]
  3966 | D:5      | Reached skill level 8 in Axes
  4309 | D:5      | Your scales start taking on a fiery red colour.
  4309 | D:5      | Reached XP level 7. HP: 53/57 MP: 6/6
  4309 | D:5      | Gained mutation: Your flesh is heat resistant. (rF+) [Red Draconian growth]
  4323 | D:5      | Quit the game

Skill      XL: |  1  2  3  4  5  6 |
---------------+-------------------+-----
Axes           | 4 5 6 8 |  8.3
Fighting       | |  3.2
Dodging        | |  2.6
Stealth        | |  1.7

Action                   |  1- 3 |  4- 6 |  7- 9 || total
-------------------------+-------+-------+-------++-------
Melee: Hand axe          |   139 |   192 |     5 ||   336
       Tailslap          |    12 |    23 |     1 ||    36
 Abil: Breathe Fire      |       |       |     1 ||     1
  Use: Potion            |     1 |    11 |       ||    12
       Scroll            |       |     3 |       ||     3
 Stab: Sleeping          |     4 |     7 |       ||    11
  Eat: Chunk             |     3 |     7 |     2 ||    12
Armor: Skin              |    46 |    53 |     1 ||   100
Dodge: Dodged            |   102 |    91 |     2 ||   195
